 Dungeon Crawl Stone Soup version 0.17-a0-1939-ga475588 (webtiles) character file.

42 derrpe the Firebug (level 3, -1/24 HPs)
             Began as a Mummy Fire Elementalist on Sept 29, 2015.
             Was a Follower of Yredelemnul.
             Slain by an adder (2 damage)
             ... on level 2 of the Dungeon.
             The game lasted 00:03:51 (2304 turns).

derrpe the Firebug (Mummy Fire Elementalist)        Turns: 2304, Time: 00:03:52

Health: -1/24      AC:  3    Str: 11    XL:     3   Next: 35%
Magic:  6/6        EV: 12    Int: 15    God:    Yredelemnul [*.....]
Gold:   56         SH:  0    Dex: 12    Spells: 1 memorised, 5 levels left

rFire  x . .     SeeInvis .     a - +0 club
rCold  + . .     Clarity  .     d - +0 robe
rNeg   + + +     SustAt   .     (no shield)
rPois  ∞         Gourm    .     (no helmet)
rElec  .         Spirit   .     (no cloak)
rCorr  .         Warding  .     g - +0 pair of gloves
rMut   .         Stasis   .     (no boots)
MR     .....                    (no amulet)
Stlth  ++........               (no ring)
                                (no ring)

@: not resistant to hostile enchantments, unstealthy
A: no food or potions, fire vulnerability, cold resistance 1, negative energy
resistance 3, torment resistance, unbreathing
a: Animate Remains, Renounce Religion


You were on level 2 of the Dungeon.
You worshipped Yredelemnul.
Yredelemnul was aware of your devotion.
You were not hungry.

You visited 1 branch of the dungeon, and saw 2 of its levels.

You collected 56 gold pieces.

Inventory:

Hand weapons
 a - a +0 club (weapon)
 b - a +0 hunting sling
 k - a cursed -1 dagger
Missiles
 j - 7 stones (quivered)
Armour
 d - a +0 robe (worn)
 g - a +0 pair of gloves (worn)
Scrolls
 c - a scroll of enchant weapon {unknown}
 e - a scroll of random uselessness {unknown}
 f - 3 scrolls of remove curse {unknown}
 i - a scroll of teleportation {unknown}
 l - a scroll of identify {unknown}
 m - a scroll of magic mapping {unknown}
Books
 h - a book of Flames

   Spells                             Type                      Level
   a - Flame Tongue                   Conjuration/Fire             1
   b - Throw Flame                    Conjuration/Fire             2
   c - Conjure Flame                  Conjuration/Fire             3
   d - Inner Flame                    Hexes/Fire                   3
   e - Sticky Flame                   Conjuration/Fire             4
   f - Fireball                       Conjuration/Fire             5


   Skills:
 - Level 1.5 Dodging
 - Level 1.5 Stealth
 - Level 2.0 Spellcasting
 * Level 2.5 Conjurations
 + Level 2.6 Fire Magic


You had 5 spell levels left.
You knew the following spells:

 Your Spells              Type           Power        Failure   Level  Hunger
a - Flame Tongue          Conj/Fire      #....        10%         1    N/A

Dungeon Overview and Level Annotations

Branches:
Dungeon (2/15)

Altars:
Yredelemnul


Innate Abilities, Weirdness & Mutations

You do not eat or drink.
Your flesh is vulnerable to fire.
You are immune to poison.
Your flesh is cold resistant.
You are immune to negative energy.
You are immune to unholy pain and torment.
You can survive without breathing.


Message History

You are too injured to fight recklessly!
Unknown command.
You are too injured to fight recklessly!
You are too injured to fight recklessly!
You are too injured to fight recklessly!
You hit the adder but do no damage.
The adder is heavily wounded.
The adder barely misses you. The giant gecko bites you.
* * * LOW HITPOINT WARNING * * *
The adder bites you.
* * * LOW HITPOINT WARNING * * *
The giant gecko barely misses you.
You closely miss the adder.
The adder is heavily wounded.
The adder bites you.
* * * LOW HITPOINT WARNING * * *
The giant gecko bites you but does no damage.
The adder bites you.
You die...
Yredelemnul claims you as an undead slave.

...# %..# 8..## .8..#
8...# ÷...# #######
....#### #.....#
.÷.....#########.....#
.#.###..........@S...#
.#.############..l...#
.#....## ##.....#
#####..## #..<..# #
##..# #.....# # ##.#
#....... # ##.######
#......##
######.......#
#.....##
....##..###..#


You could see an adder and a giant gecko.

Vanquished Creatures
  An adder (D:2)
  2 oozes
  6 bats
  A giant cockroach (D:1)
  4 hobgoblins
  2 kobolds
  A quokka (D:2)
  4 giant newts
  3 goblins
  3 rats
27 creatures vanquished.

Notes
Turn   | Place    | Note
--------------------------------------------------------------
     0 | D:1      | derrpe the Mummy Fire Elementalist began the quest for the Orb.
     0 | D:1      | Reached XP level 1. HP: 13/13 MP: 3/3
   257 | D:1      | Reached skill level 1 in Conjurations
   982 | D:1      | Reached XP level 2. HP: 19/19 MP: 0/5
  1689 | D:2      | Reached XP level 3. HP: 24/24 MP: 2/6
  2036 | D:2      | Found a faded altar to an unknown god.
  2055 | D:2      | Became a worshipper of Yredelemnul the Dark
  2055 | D:2      | Acquired Yredelemnul's first power
  2304 | D:2      | HP: 1/24 [adder (2)]
  2304 | D:2      | Slain by an adder

Vault maps used:
D:1:      dpeg_arrival_water_fire
D:2:      lemuel_coloured_pillars_altar, ecumenical_altar_2

Action                   || total
-------------------------++-------
Melee: Club              ||    33
 Cast: Flame Tongue      ||    54
